 Dungeon Crawl Stone Soup version 0.29-a0-824-gd827844252 (webtiles) character file.

Game seed: 15193842652747512323

413 greenreed the Cudgeller (level 6, -2/53 HPs)
             Began as a Minotaur Fighter on July 11, 2022.
             Constricted to death by Grinder (4 damage)
             ... on level 4 of the Dungeon.
             The game lasted 00:05:23 (2928 turns).

greenreed the Cudgeller (Minotaur Fighter)          Turns: 2928, Time: 00:05:25

Health: -2/53      AC: 11    Str: 22    XL:     6   Next: 59%
Magic:  5/5        EV:  6    Int:  5    God:
Gold:   83         SH:  4    Dex: 10    Spells: 5/5 levels left

rFire   . . .      SeeInvis .   a - +0 flail
rCold   . . .      Faith    .   c - +0 buckler
rNeg    . . .      Spirit   .   b - +0 scale mail
rPois   +          Reflect  .   (helmet restricted)
rElec   .          Harm     .   (no cloak)
rCorr   .          Rampage  .   g - +0 pair of gloves
Will    .....                   v - +2 pair of boots of the Baking Gods {Stlth+}
Stlth   +.........              (no amulet)
HPRegen 0.17/turn               r - ring of poison resistance
MPRegen 0.09/turn               (no ring)

@: mighty, grasped by roots, constricted
A: horns 2, retaliatory headbutt
a: no special abilities


You were on level 4 of the Dungeon.
You visited 1 branch of the dungeon, and saw 4 of its levels.

You collected 83 gold pieces.

Inventory:

Hand Weapons
 a - a +0 flail (weapon)
Missiles
 k - 2 atropa-tipped darts (quivered)
 s - 6 poisoned darts
Armour
 b - a +0 scale mail (worn)
 c - a +0 buckler (worn)
 g - a +0 pair of gloves (worn)
 i - a +0 kite shield
 q - a +0 pair of boots
 v - the +2 pair of boots of the Baking Gods (worn) {Stlth+}
   (You found it on level 3 of the Dungeon)

   Stlth:     It makes you more stealthy.
Jewellery
 j - a ring of ice
 r - a ring of poison resistance (left hand)
Wands
 x - a wand of polymorph (12)
 y - a wand of digging (3)
Scrolls
 e - 2 scrolls of teleportation {unknown}
 f - a scroll of noise {unknown}
 h - 3 scrolls of identify {unknown}
 n - 3 scrolls of amnesia {unknown}
 t - a scroll of immolation {unknown}
 u - 2 scrolls of enchant armour {unknown}
 w - a scroll of acquirement {unknown}
Potions
 d - 3 potions of heal wounds {unknown}
 l - 2 potions of flight {unknown}
 m - 2 potions of attraction {unknown}
 p - 4 potions of degeneration {unknown}
 z - a potion of lignification {unknown}


   Skills:
 + Level 4.7 Fighting
 + Level 6.4 Maces & Flails
 + Level 4.7 Armour
 + Level 1.3 Dodging
 + Level 4.6 Shields


You had 5 spell levels left.
You didn't know any spells.
Your spell library was empty.

Dungeon Overview and Level Annotations

Branches:
Dungeon (4/15)
 Temple: D:4-7

Altars:
Sif Muna

Annotations:
D:4 Grinder


Innate Abilities, Weirdness & Mutations

You have a pair of horns on your head.
You reflexively headbutt those who attack you in melee.


Message History

You feel very mighty all of a sudden. Grinder hits you!
The grasping roots constrict you.
You escape the roots grasp.
Grinder gestures at you. Pain shoots through your body!
* * * LOW HITPOINT WARNING * * *
Grinder gestures at you. Pain shoots through your body!
* * * LOW HITPOINT WARNING * * *
You thump Grinder!
Grinder is moderately wounded.
Grinder says, "You look like you could use a good racking."
Grinder blinks!
A dart slug comes into view.
An endoplasm comes into view.
You closely miss Grinder. Your headbutt misses Grinder.
Grinder is moderately wounded.
Grinder blinks!
The dart slug briefly extends its eye-stalks.
The dart slug launches a dart at you. You block the slug dart.
Found a stone staircase leading down.
Grinder says, "Wait up."
Grinder zaps a wand.
The roots erupt in riotous growth!
The grasping roots grab you! The grasping roots constrict you.
You hear an angry hiss.
You hear a shout!
You escape the roots grasp.
Grinder zaps a wand.
The roots erupt in riotous growth!
The grasping roots grab you!
Grinder is unaffected.
The grasping roots constrict you.
* * * LOW HITPOINT WARNING * * *
An iguana comes into view.
You closely miss Grinder. You headbutt Grinder.
Grinder is heavily wounded.
Grinder hits you but does no damage. The grasping roots constrict you.
* * * LOW HITPOINT WARNING * * *
The endoplasm hits you but does no damage.
Grinder hits you but does no damage. The grasping roots constrict you.
You die...

.........###...#.##.........
...............#.#.....#..##
.........###.......###.#..#
##.....#...............# .#
#.....#.##..)....<#####...
...#.#.#....†..#.#.......#
.......l#......#.#.#######
.................#.†......
..........J@...###........
.....#....w5.#.# #........
...........#.# ..#####.#
.#.........#.#.... #
.#.#......# #.... #.#.......
#..... #.....>. #.....
#........#......


You could see Grinder, an iguana, a dart slug and an endoplasm.

Vanquished Creatures
  Sigmund (D:2)
  A hound (D:2)
  Terence (D:3)
  Natasha (thrice) (D:2)
  Robin (D:2)
  3 adders
  3 dart slugs
  8 ball pythons
  6 bats
  6 endoplasms
  8 giant cockroaches
  13 goblins
  10 hobgoblins
  7 quokkas
  7 frilled lizards
  6 kobolds
  7 rats
91 creatures vanquished.

Vanquished Creatures (others)
  4 fungi (D:4)
4 creatures vanquished.

Grand Total: 95 creatures vanquished

Notes
Turn   | Place    | Note
-------+----------+-------------------------------------------
     0 | D:1      | greenreed the Minotaur Fighter began the quest for the Orb.
     0 | D:1      | Reached XP level 1. HP: 19/19 MP: 0/0
   175 | D:1      | Reached XP level 2. HP: 27/27 MP: 1/1
   543 | D:1      | Reached XP level 3. HP: 26/33 MP: 2/2
   779 | D:1      | Reached skill level 3 in Maces & Flails
  1085 | D:2      | Found a faded altar of an unknown god.
  1095 | D:2      | Noticed Sigmund
  1106 | D:2      | Killed Sigmund
  1107 | D:2      | Reached skill level 5 in Maces & Flails
  1107 | D:2      | Reached skill level 1 in Dodging
  1107 | D:2      | Reached XP level 4. HP: 37/41 MP: 3/3
  1107 | D:2      | Reached XP level 5. HP: 42/47 MP: 4/4
  1142 | D:2      | Noticed Natasha
  1147 | D:2      | Killed Natasha
  1247 | D:2      | Noticed Robin
  1264 | D:2      | Reached XP level 6. HP: 43/53 MP: 5/5
  1270 | D:2      | Killed Robin
  1601 | D:2      | Noticed Natasha
  1605 | D:2      | Killed Natasha
  1606 | D:2      | Reached skill level 6 in Maces & Flails
  1628 | D:2      | Noticed Natasha
  1636 | D:2      | Killed Natasha
  2122 | D:3      | Noticed Terence
  2123 | D:3      | Found a shimmering blue altar of Sif Muna.
  2133 | D:3      | Killed Terence
  2243 | D:3      | Identified the +2 pair of boots of the Baking Gods {Stlth+}
  2901 | D:4      | Noticed Grinder
  2912 | D:4      | Paralysed by Grinder for 5 turns
  2928 | D:4      | HP: 2/53 [constriction (5)]
  2928 | D:4      | Constricted to death by Grinder

Illustrated notes

Levels and vault maps discovered:
D:1:      roderic_chinese_lattice_arrival, layout_basic, minmay_ruptured
D:2:      layout_basic, hellmonk_ecumenical_altar_zigzags, uniq_sigmund,
          uniq_natasha, uniq_robin
D:3:      layout_basic, overflow_temple_1_default, serial_curves,
          eino_curves_02, eino_curves_01, minmay_distorted, uniq_terence
D:4:      layout_basic, mainiacjoe_overflow_cross_hatched, uniq_grinder

Skill      XL: |  1  2  3  4  5  6 |
---------------+-------------------+-----
Shields        | 4 |  4.6
Armour         | 4 |  4.7
Fighting       | 4 |  4.7
Maces & Flails | 5 6 |  6.4
Dodging        | 1 |  1.3

Action                   |  1- 3 |  4- 6 || total
-------------------------+-------+-------++-------
Melee: Flail             |    81 |   138 ||   219
       Headbutt          |     9 |    20 ||    29
  Use: Potion            |     1 |     1 ||     2
Armor: Scale mail        |    39 |    66 ||   105
Dodge: Dodged            |    44 |    61 ||   105
Block: Buckler           |    17 |    22 ||    39

Table legend: (Time is in decaauts)
 A = Elapsed time spent in this place.
 B = Non-inter-level travel time spent in this place.
 C = Inter-level travel time spent in this place.
 D = Time resting spent in this place.
 E = Time spent auto-exploring this place.
 F = Levels seen in this place.
 G = Mean time per level.
                   A        B        C        D        E       F      G
               +--------+--------+--------+--------+--------+-----+--------+
         Total |   2971 |   2814 |    157 |      0 |   2251 |   4 |  742.8 |
       Dungeon |   2971 |   2814 |    157 |      0 |   2251 |   4 |  742.8 |
               +--------+--------+--------+--------+--------+-----+--------+

Top non-repeatable levels by time:
     D:1: 1044 daAuts
     D:3: 1028 daAuts
     D:2: 825 daAuts
     D:4: 72 daAuts
